AoeStats
← TheAtani

Arabia

506479034Analyzed
1v1 RM · 18d ago on Sep 13, 2026· 58m 37s· 2 players
Game mode
Random Map
Map size
Tiny (2 player)
Population
200
Speed
Normal
Resources
Standard
Victory
Conquest
Starting age
Dark Age
Ending age
Imperial Age
RankedLock teamsTeams togetherTeam positionsShared explorationLock speedFull tech treeHidden civsTurbo modeCheats
Victory
Defeat
🇳🇱 Huns · Netherlands
905
+17
🇮🇳 Lithuanians · India
923
-17
Vaatwasmach1nes
8:44 Loom
10:54 Feudal Age
11:38 Horse Collar
12:07 Double-Bit Axe
15:57 Fletching
21:00 Castle Age
21:00 Bloodlines
21:14 Forging
21:10 Scale Barding Armor
21:45 Husbandry
22:29 Bow Saw
26:33 Iron Casting
27:19 Chain Barding Armor
29:54 Heavy Plow
30:16 Pikeman
30:59 Squires
33:43 Wheelbarrow
33:17 Bodkin Arrow
35:06 Scale Mail Armor
37:40 Gold Mining
38:53 Hand Cart
41:33 Imperial Age
42:03 Padded Archer Armor
41:44 Cavalier
41:51 Halberdier
42:38 Bracer
43:39 Blast Furnace
43:15 Plate Barding Armor
43:36 Paladin
45:03 Heavy Cavalry Archer
46:14 Parthian Tactics
46:53 Conscription
47:15 Atheism
47:40 Thumb Ring
50:52 Chain Mail Armor
52:03 Two-Man Saw
TheAtani
7:32 Loom
10:01 Feudal Age
20:46 Castle Age
21:49 Scale Barding Armor
21:31 Double-Bit Axe
21:37 Gold Mining
21:28 Horse Collar
22:14 Husbandry
22:25 Bloodlines
25:57 Chain Barding Armor
34:04 Heavy Plow
34:15 Forging
38:06 Iron Casting
40:23 Wheelbarrow
39:34 Town Watch
39:40 Stone Mining
40:03 Bow Saw
44:21 Imperial Age
44:49 Murder Holes
44:45 Cavalier
47:10 Paladin
47:52 Elite Skirmisher
48:38 Thumb Ring
48:36 Padded Archer Armor
48:27 Fletching
49:39 Two-Man Saw
49:15 Stone Shaft Mining
49:12 Crop Rotation
Connection lost

Rejoining the realm…

Still unreachable

The connection could not be restored.

Session expired

The server has moved on; the page needs a fresh start.